 Dungeon Sprint DCSS version 0.21.0-25-ge575cb9 (webtiles) character file.

14130 sanboga the Bludgeoner (level 12, -23/88 HPs)
             Began as a Gargoyle Berserker on Jan 23, 2018.
             Was the Champion of Trog.
             Blown up by an eye of devastation (26 damage)
             ... with a bolt of energy
             ... in the Dungeon (Sprint II: "The Violet Keep of Menkaure").
             The game lasted 00:16:29 (2805 turns).

sanboga the Bludgeoner (Gargoyle Berserker)         Turns: 2805, Time: 00:16:29

Health: -23/88     AC: 42    Str: 26    XL:     12   Next: 13%
Magic:  4/4        EV:  7    Int: 12    God:    Trog [******]
Gold:   974        SH:  2    Dex: 12    Spells: 11/11 levels left

rFire    . . .     SeeInvis .   a - +5 executioner's axe (antimagic)
rCold    . . .     Gourm    .   (shield currently unavailable)
rNeg     + . .     Faith    .   o - +1 crystal plate armour
rPois    ∞         Spirit   .   l - +2 hat {MR+}
rElec    +         Reflect  +   (no cloak)
rCorr    .         Harm     .   D - +0 pair of fencer's gloves {+Riposte Dex+3}
MR       +....     NoTele   +   s - +1 pair of boots {Stlth+}
Stlth    ..........             C - +2 amulet of reflection
HPRegen  0.24/turn              t - ring of Tapti {rElec Int+4 Stlth+}
MPRegen  0.09/turn              (no ring)

@: berserk cooldown, very slow
A: beak, icy blue scales 1, negative energy resistance 1, electricity
resistance, unbreathing, petrification resistance, rot immunity, AC +8
a: Berserk, Trog's Hand, Brothers in Arms, Burn Spellbooks, Renounce Religion


You were in the Dungeon.
You worshipped Trog.
Trog was exalted by your worship.
You were not hungry.

You visited 1 branch You collected 1918 gold pieces.
You spent 944 gold pieces at shops.

Inventory:

Hand Weapons
 a - a +5 antimagic executioner's axe (weapon)
 e - the +3 morningstar "Torchek" {crush, +Blink +Fly Int+4}
   (You bought it in a shop in the Dungeon)

   It inflicts extra damage upon your enemies.
   It affects your intelligence (+4).
   It lets you fly.
   It lets you blink.
 k - a +3 morningstar of draining
Armour
 l - a +2 hat of magic resistance (worn)
 o - a +1 crystal plate armour (worn)
 s - a +1 pair of boots of stealth (worn)
 D - the +0 pair of fencer's gloves (worn) {+Riposte Dex+3}
   (You acquired it in the Dungeon)

   It affects your dexterity (+3).
Jewellery
 t - the ring of Tapti (left hand) {rElec Int+4 Stlth+}
   (You found it in the Dungeon)

   [ring of stealth]

   It affects your intelligence (+4).
   It insulates you from electricity.
   It makes you more stealthy.
 C - a +2 amulet of reflection (around neck)
Potions
 d - a potion of curing
 f - a potion of haste
 g - 14 potions of magic
 h - 3 potions of berserk rage
 j - 3 potions of resistance
 p - 6 potions of flight
 q - 2 potions of brilliance
 x - 2 potions of mutation
Books
 m - a book of Fire

   Spells                             Type                      Level
   a - Ignite Poison                  Fire/Transmutation/Poison    3
   b - Fireball                       Conjuration/Fire             5
   c - Bolt of Fire                   Conjuration/Fire             6
   d - Ring of Flames                 Charms/Fire                  7
   e - Ignition                       Fire                         8
   Trog disapproves of the use of such an item.
Miscellaneous
 v - a phial of floods
 y - a lightning rod (3/4)
 z - 2 sacks of spiders
Comestibles
 c - 8 rations


   Skills:
 + Level 16.1 Fighting
 + Level 11.3(14.7) Axes
 + Level 16.8(18.1) Maces & Flails
 + Level 16.0 Armour
 - Level 3.0 Dodging


You had 11 spell levels left.
You didn't know any spells.

Dungeon Overview and Level Annotations

Branches:
Dungeon (1/1)

Altars:
Cheibriados
Dithmenos
Elyvilon
Fedhas
Gozag
Hepliaklqana
Kikubaaqudgha
Makhleb
Nemelex Xobeh
Okawaru
Qazlal
Ru
Sif Muna
Trog
Uskayaw
Vehumet
Wu Jian
Xom
Yredelemnul
Zin
The Shining One
Beogh
Jiyva
Lugonu

Shops:
D %=::?*[[[}(!![=*!*=:

Annotations:
D exclusion: oklob plant


Innate Abilities, Weirdness & Mutations

You are resistant to torment.
Your stone body is resilient. (AC +8)
You are immune to poison.
You resist negative energy. (rN+)
You are resistant to electric shocks. (rElec)
You can survive without breathing.
You are immune to petrification.
You are immune to rotting.
You have a beak for a mouth.
You are partially covered in icy blue scales. (AC +2)


Message History

Trog accepts your kill. Something appears at your feet!
You hear a splash.
Trog grants you a weapon!
You hear a splash. x3
Your lightning rod (4/4) has regained two charges.
Your phial of floods has recharged.
Your Fighting skill increases to level 16!
Your base Axes skill increases to level 11!
Your Armour skill increases to level 16!
You have reached level 12!
Your experience leads to an increase in your attributes!
Your base attributes are Str 25, Int 7, Dex 9.
Increase (S)trength, (I)ntelligence, or (D)exterity?
You feel stronger.
You feel clever.
Your unstable footing causes you to fumble your attack.
You feel yourself speed up. The eye of devastation gazes at you.
The bolt of energy hits you!
You die...

≈≈≈§≈...≈≈≈▓,,§§§?§,**
###§###.≈≈≈▓,,,.§.,**
_.#≈§§##≈≈≈▓,,§§§§**
..#§§§§####▓***▓z#*
_.#§§§§≈##,,*,,▓H#
._#§§§§≈≈#,,*,,▓z#
_.#§§§§§≈+,,+,,▓z#
._#≈§§§§≈#,,*,,▓G#
_.#§§§§§≈▓,,*,,▓@#
._#≈≈§§▓▓▓▓▓▓▓▓▓≈#
###≈§§§▓...≈≈≈≈≈≈#
≈≈≈≈§≈≈▓...≈≈≈≈≈≈#
###≈▓▓▓▓▓▓▓▓▓≈≈≈≈#
..#▓▓≈§≈≈§§§▓▓≈≈≈#
..#▓≈≈§≈§≈≈≈≈▓▓≈≈#
.)'≈≈≈§≈§§§§≈≈'≈≈#
.|##≈≈§≈≈≈§§§#####


You could see an eye of devastation, a harpy and 3 flying skulls.

Vanquished Creatures
  A deep elf blademaster (D)
  A kraken (D)
  Gastronok (D)
  Roxanne (D)
  Nessos (D)
  A dire elephant (D)
  3 sixfirhies (D)
  3 orc sorcerers (D)
  A yaktaur (D)
  3 polar bears (D)
  A hornet (D)
  3 flying skulls (D)
  A vampire mosquito (D)
  4 neqoxecs (D)
  Menkaure (D)
  3 crocodiles (D)
  9 electric eels (D)
  A jelly (D)
  4 worker ants (D)
  3 worms (D)
  5 tentacles (D)
51 creatures vanquished.

Vanquished Creatures (others)
  2 hippogriffs (D)
  A crocodile (D)
  19 tentacles (D)
22 creatures vanquished.

Grand Total: 73 creatures vanquished

Notes
Turn   | Place    | Note
-------+----------+-------------------------------------------
     0 | D        | sanboga the Gargoyle Berserker began the quest for the Orb.
     0 | D        | Reached XP level 1. HP: 14/14 MP: 1/1
     9 | D        | Reached XP level 2. HP: 20/20 MP: 2/2
    13 | D        | Reached ** piety under Trog
    57 | D        | Reached XP level 3. HP: 24/24 MP: 3/3
    67 | D        | Reached skill level 5 in Fighting
    67 | D        | Reached XP level 4. HP: 31/31 MP: 4/4
   117 | D        | Reached skill level 5 in Axes
   119 | D        | Reached *** piety under Trog
   119 | D        | Reached skill level 5 in Armour
   167 | D        | Killed a crocodile
   175 | D        | Noticed a neqoxec
   184 | D        | Killed a neqoxec
   184 | D        | Reached XP level 5. HP: 38/38 MP: 5/5
   184 | D        | Reached XP level 6. HP: 44/44 MP: 6/6
   202 | D        | Noticed a neqoxec
   209 | D        | Gained mutation: You are somewhat resistant to further mutation. [a neqoxec]
   212 | D        | Gained mutation: Your magical capacity is low. (-10% MP) [a neqoxec]
   216 | D        | Gained mutation: You are partially covered in iridescent scales. (AC +2) [a neqoxec]
   221 | D        | Killed a neqoxec
   316 | D        | Found Jexeus's Assorted Antiques.
   316 | D        | Noticed a neqoxec
   320 | D        | Found Bicoloq's General Store.
   320 | D        | Found Kys Vuud's Distillery.
   320 | D        | Found Kythro's Antique Armour Emporium.
   320 | D        | Found Vousuaro's Jewellery Emporium.
   320 | D        | Found Boedwoiwyl's Distillery.
   322 | D        | Found Taray's Distillery.
   325 | D        | Gained mutation: You expend magic power (3 MP) to strengthen your wands. [a neqoxec]
   329 | D        | Killed a neqoxec
   329 | D        | Reached **** piety under Trog
   329 | D        | Reached XP level 7. HP: 50/50 MP: 6/6
   330 | D        | Found Xakhlovuepp's Antique Weapon Shoppe.
   330 | D        | Found Kahuafis's Gadget Emporium.
   383 | D        | Found Dedemaem's Antique Armour Shoppe.
   383 | D        | Found Visom's Antique Armour Emporium.
   383 | D        | Noticed a manticore
   383 | D        | Noticed a manticore
   383 | D        | Noticed a vampire mosquito
   384 | D        | Noticed Menkaure
   394 | D        | Killed a vampire mosquito
   394 | D        | Reached skill level 10 in Axes
   394 | D        | Killed Menkaure
   397 | D        | Found Liju's Magic Scroll Shoppe.
   397 | D        | Found Vitez's Book Emporium.
   397 | D        | Noticed a manticore
   397 | D        | Noticed an oklob plant
   398 | D        | Found Ogrea's Jewellery Shoppe.
   398 | D        | Found Honos's Food Emporium.
   398 | D        | Found Zownyp's Book Shoppe.
   400 | D        | Noticed a great orb of eyes
   404 | D        | Noticed a slime creature
   404 | D        | Noticed a slime creature
   405 | D        | Bought a smoking morningstar for 198 gold pieces
   409 | D        | Identified the cursed +3 morningstar "Torchek" {crush, +Blink +Fly Int+4} (You bought it in a shop in the Dungeon)
   413 | D        | Killed a hippogriff
   530 | D        | Killed a hippogriff
   542 | D        | Noticed an orange crystal statue
   600 | D        | Found a roughly hewn altar of Beogh.
   601 | D        | Found a hazy altar of Hepliaklqana.
   601 | D        | Found a snail-covered altar of Cheibriados.
   647 | D        | Bought a glowing chain mail for 225 gold pieces
   660 | D        | Bought a pair of gloves for 81 gold pieces
   675 | D        | Noticed a slime creature
   676 | D        | Noticed a neqoxec
   681 | D        | Bought a ration for 55 gold pieces
   681 | D        | Bought a ration for 55 gold pieces
   681 | D        | Bought a ration for 55 gold pieces
   681 | D        | Bought a ration for 55 gold pieces
   681 | D        | Bought a ration for 55 gold pieces
   681 | D        | Bought a ration for 55 gold pieces
   681 | D        | Bought a ration for 55 gold pieces
   681 | D        | Bought a ration for 55 gold pieces
   715 | D        | Lost mutation: You expend magic power (3 MP) to strengthen your wands. [a neqoxec]
   718 | D        | Gained mutation: Scrolls take you a little longer to read. [a neqoxec]
   729 | D        | Killed a neqoxec
   729 | D        | Reached XP level 8. HP: 57/57 MP: 7/7
   766 | D        | Found a stormy altar of Qazlal.
   766 | D        | Found a viscous altar of Jiyva.
   766 | D        | Found a shadowy altar of Dithmenos.
   767 | D        | Found a sacrificial altar of Ru.
   767 | D        | Found an ancient bone altar of Kikubaaqudgha.
   767 | D        | Found a white marble altar of Elyvilon.
   768 | D        | Found an ornate altar of the Wu Jian Council.
   768 | D        | Found a deep blue altar of Sif Muna.
   768 | D        | Found a corrupted altar of Lugonu.
   830 | D        | Found a shimmering altar of Xom.
   830 | D        | Found a bloodstained altar of Trog.
   830 | D        | Found a burning altar of Makhleb.
   831 | D        | Found a glowing golden altar of the Shining One.
   831 | D        | Found a basalt altar of Yredelemnul.
   831 | D        | Found a hide-covered altar of Uskayaw.
   832 | D        | Found a glowing silver altar of Zin.
   834 | D        | Noticed a yaktaur
   834 | D        | Noticed a hornet
   834 | D        | Noticed a polar bear
   835 | D        | Noticed a polar bear
   838 | D        | Noticed a polar bear
   839 | D        | Killed a polar bear
   839 | D        | Reached ***** piety under Trog
   839 | D        | Reached skill level 10 in Fighting
   842 | D        | Killed a hornet
   842 | D        | Reached skill level 5 in Maces & Flails
   842 | D        | Reached skill level 10 in Armour
   846 | D        | Killed a polar bear
   851 | D        | Killed a yaktaur
   851 | D        | Received a gift from Trog
   851 | D        | Reached XP level 9. HP: 64/64 MP: 8/8
   857 | D        | Killed a polar bear
   913 | D        | Found a radiant altar of Vehumet.
   920 | D        | Noticed a kraken
  1330 | D        | Killed a kraken
  1330 | D        | Reached XP level 10. HP: 41/72 MP: 9/9
  1464 | D        | Found a sparkling altar of Nemelex Xobeh.
  1464 | D        | Found a blossoming altar of Fedhas.
  1478 | D        | Found an iron altar of Okawaru.
  1478 | D        | Found an opulent altar of Gozag.
  1509 | D        | Noticed Roxanne
  1516 | D        | Noticed a sixfirhy
  1516 | D        | Noticed a sixfirhy
  1542 | D        | Killed Roxanne
  1543 | D        | Identified Roxanne's Volume of Shape Shifting (You took it off Roxanne in the Dungeon)
  1543 | D        | Noticed a sixfirhy
  1669 | D        | Found Deklenik's Book Shoppe.
  1670 | D        | Found Cianal's Jewellery Boutique.
  1707 | D        | Killed a sixfirhy
  1710 | D        | Killed a sixfirhy
  1710 | D        | Reached ****** piety under Trog
  1715 | D        | Killed a sixfirhy
  1715 | D        | Received a gift from Trog
  1715 | D        | Reached XP level 11. HP: 80/80 MP: 9/9
  1813 | D        | Noticed Gastronok
  1823 | D        | Killed Gastronok
  1823 | D        | Reached skill level 15 in Maces & Flails
  1987 | D        | Found Ropsuj's Antique Armour Boutique.
  1990 | D        | Found Vacucwys's Assorted Antiques.
  1991 | D        | Noticed Nessos
  2006 | D        | Killed Nessos
  2006 | D        | Reached skill level 15 in Fighting
  2070 | D        | Noticed a dire elephant
  2070 | D        | Noticed an orc sorcerer
  2070 | D        | Noticed an orc sorcerer
  2070 | D        | Noticed an orc sorcerer
  2079 | D        | Noticed a soul eater
  2080 | D        | Killed a dire elephant
  2080 | D        | Reached skill level 15 in Armour
  2081 | D        | Noticed a sixfirhy
  2083 | D        | Killed an orc sorcerer
  2092 | D        | Killed an orc sorcerer
  2092 | D        | Received a gift from Trog
  2095 | D        | Killed an orc sorcerer
  2269 | D        | Got a translucent platinum ring
  2332 | D        | Identified the ring of Tapti {rElec Int+4 Stlth+} (You found it in the Dungeon)
  2335 | D        | Identified 2 scrolls of acquirement
  2335 | D        | Found the +0 pair of fencer's gloves {+Riposte Dex+3}
  2392 | D        | Lost mutation: Your magical capacity is low. (-10% MP) [potion of mutation]
  2392 | D        | Lost mutation: Scrolls take you a little longer to read. [potion of mutation]
  2392 | D        | Lost mutation: You are partially covered in iridescent scales. (AC +2) [potion of mutation]
  2392 | D        | Lost mutation: You are somewhat resistant to further mutation. [potion of mutation]
  2392 | D        | Gained mutation: You are partially covered in icy blue scales. (AC +2) [potion of mutation]
  2392 | D        | Gained mutation: You have a beak for a mouth. [potion of mutation]
  2398 | D        | Received a gift from Trog
  2539 | D        | Received a gift from Trog
  2762 | D        | Noticed a deep elf blademaster
  2767 | D        | Noticed a harpy
  2802 | D        | HP: 2/83 [deep elf blademaster/rapier (11)]
  2804 | D        | Killed a deep elf blademaster
  2804 | D        | Received a gift from Trog
  2804 | D        | Reached XP level 12. HP: 2/88 MP: 4/12
  2805 | D        | Blown up by an eye of devastation

Skill      XL: |  1  2  3  4  5  6  7  8  9 10 11 |
---------------+----------------------------------+-----
Axes           | 3 4 7 9 10 11 | 11.3
Dodging        | 2 3 |  3.0
Armour         | 3 4 6 8 9 10 12 14 16 | 16.0
Fighting       | 4 5 7 8 9 11 12 14 16 | 16.1
Maces & Flails | 2 7 11 14 16 | 16.8

Action                   |  1- 3 |  4- 6 |  7- 9 | 10-12 || total
-------------------------+-------+-------+-------+-------++-------
Melee: Hand axe          |    23 |    40 |     8 |       ||    71
       Morningstar       |       |       |    61 |   104 ||   165
       Executioner's axe |       |       |       |    61 ||    61
       Peck              |       |       |       |     7 ||     7
Invok: Berserk           |     2 |     3 |     4 |     4 ||    13
       Burn Spellbooks   |       |       |       |     2 ||     2
Evoke: Lightning rod     |       |       |       |     3 ||     3
       Phial of floods   |       |       |       |     1 ||     1
  Use: Potion            |       |     1 |       |     4 ||     5
       Scroll            |       |       |    14 |     4 ||    18
  Eat: Chunk             |       |     2 |       |       ||     2
       Ration            |       |       |     2 |     3 ||     5
Armor: Animal skin       |     5 |     5 |     2 |       ||    12
       Chain mail        |       |       |    63 |    36 ||    99
       Crystal plate arm |       |       |       |   148 ||   148
Dodge: Dodged            |     9 |    15 |    38 |    47 ||   109
Block: Other             |       |       |       |     1 ||     1
       Rpst.: Executioner's axe |       |       |       |     7 ||     7
